 Dungeon Crawl Stone Soup version 0.25-a0-306-g3faca94 (webtiles) character file.

Game seed: 12200953089556197416, levelgen mode: deterministic

128 Birdy the Sneak (level 5, -10/50 HPs)
             Began as an Ogre Assassin on Dec 21, 2019.
             Mangled by a vampire (14 damage)
             ... on level 9 of the Dungeon.
             The game lasted 00:03:33 (1283 turns).

Birdy the Sneak (Ogre Assassin)                     Turns: 1283, Time: 00:03:34

Health: -10/50     AC:  3    Str: 14 (15) XL:     5   Next: 11%
Magic:  5/5        EV:  9    Int: 10 (12) God:
Gold:   76         SH:  0    Dex: 10 (11) Spells: 4/4 levels left

rFire    . . .     SeeInvis +   a - +2 dagger
rCold    . . .     Gourm    .   (no shield)
rNeg     . . .     Faith    .   b - +0 robe
rPois    .         Spirit   .   (helmet restricted)
rElec    .         Reflect  .   m - scarf {repulsion}
rCorr    .         Harm     .   (gloves unavailable)
MR       .....                  (boots unavailable)
Stlth    +++.......             (no amulet)
HPRegen  0.16/turn              i - ring of see invisible
MPRegen  0.09/turn              (no ring)

@: repel missiles
A: large, unfitting armour, tough skin 1
a: no special abilities


You were on level 9 of the Dungeon.
You were very hungry.

You visited 1 branch of the dungeon, and saw 7 of its levels.

You collected 76 gold pieces.

Inventory:

Hand Weapons
 a - a +2 dagger (weapon)
 g - a +0 dagger of venom
Missiles
 d - 8 poisoned darts
 e - 2 curare-tipped darts (quivered)
Armour
 b - a +0 robe (worn)
 c - a +0 cloak
 m - a scarf of repulsion (worn)
Jewellery
 i - a ring of see invisible (left hand)
Scrolls
 j - a scroll of teleportation
Comestibles
 f - 5 rations


   Skills:
 - Level 2.6 Fighting
 - Level 1.7 Short Blades
 - Level 2.0 Throwing
 - Level 0.8 Dodging
 + Level 5.0 Stealth


You had 4 spell levels left.
You didn't know any spells.
Your spell library was empty.

Dungeon Overview and Level Annotations

Branches:
Dungeon (6/15)
 Temple: D:4-7

Altars:
Qazlal
Wu Jian

Shops:
D:4 [

Annotations:
D:4 3 runed translucent doors, meowmixalot's ghost, novice BaFi


Innate Abilities, Weirdness & Mutations

You are too large for most types of armour.
You have tough skin. (AC +1)


Message History

It was a potion of cancellation.
Your magical effects are unravelling.
You feel magically purged.
You feel yourself slow down.
You feel less confused. The vampire closely misses you.
The vampire barely misses you.
It was a potion of degeneration.
There was something very wrong with that liquid.
You feel weakened.
You feel dopey.
You feel clumsy. The vampire hits you! The vampire closely misses you.
You hit the vampire but do no damage. The vampire hits you.
The vampire closely misses you.
You hit the vampire.
The vampire is lightly damaged.
The vampire hits you! The vampire bites you!
* * * LOW HITPOINT WARNING * * *
The vampire draws strength from your injuries!
You hit the vampire.
The vampire is lightly damaged.
The vampire barely misses you. The vampire bites you!
You die...

.# .# ### ## #.#
..... #.# #.#. #.#
#.. ######.#######
#.#####...##.#.....#
#aV@...........#..##
#.#####...#....#.....
#.. ####.....###.##
#.#. ##....# #.#
..... ##.#.###.# ###
## #.#.....#
#.####### ##+#
##...##


You could see a vampire and a worker ant.

Vanquished Creatures
  An ogre (D:4)
  A centaur skeleton (D:9)
  A dart slug (D:1)
  A goblin (D:1)
  A hobgoblin (D:1)
  4 jackals
  A ball python (D:1)
  A frilled lizard (D:4)
  5 kobolds
  A rat (D:2)
17 creatures vanquished.

Notes
Turn   | Place    | Note
-------+----------+-------------------------------------------
     0 | D:1      | Birdy the Ogre Assassin began the quest for the Orb.
     0 | D:1      | Reached XP level 1. HP: 22/22 MP: 1/1
    42 | D:1      | Reached skill level 3 in Stealth
   121 | D:1      | Reached XP level 2. HP: 29/29 MP: 2/2
   306 | D:2      | Found a stormy altar of Qazlal.
   420 | D:2      | Found an ornate altar of the Wu Jian Council.
   474 | D:4      | Found Yliorph's Antique Armour Shop.
   482 | D:4      | Found a runed translucent gate.
   483 | D:4      | Found a runed translucent gate.
   483 | D:4      | Noticed meowmixalot's ghost (novice BaFi)
   651 | D:4      | Noticed an ogre
   678 | D:4      | Killed an ogre
   678 | D:4      | Reached skill level 4 in Stealth
   678 | D:4      | Reached XP level 3. HP: 8/36 MP: 3/3
   678 | D:4      | Reached XP level 4. HP: 9/44 MP: 4/4
   977 | D:4      | Found a runed translucent gate.
   989 | D:5      | Entered Level 5 of the Dungeon
   989 | D:5      | Noticed a centaur
  1096 | D:6      | Noticed a necrophage
  1117 | D:6      | You fall into a shaft and drop 3 floors!
  1121 | D:9      | Reached skill level 5 in Stealth
  1121 | D:9      | Reached XP level 5. HP: 34/50 MP: 5/5
  1271 | D:9      | Noticed a vampire
  1283 | D:9      | Mangled by a vampire

Levels and vault maps discovered:
D:1:      kennysheep_arrival_forest, layout_loops_cross
D:2:      layout_basic, lemuel_doored_altar, nicolae_overflow_hidden_temple,
          okawaru_altar_gauntlet_db, uniq_natasha
D:3:      layout_basic
D:4:      layout_cave_pools, marbit_many_paths, yredelemnul_altar_generic,
          gammafunk_ghost_nasty_kobolds, first_ration, serial_shops, shop,
          uniq_pikel, uniq_robin, uniq_menkaure
D:5:      layout_cave_pods, trog_wizard
D:6:      layout_rooms, basic_altar
D:9:      layout_loops_corners, kiku_gazebo_pond_becter,
          erik_lair_orcish_takeover, uniq_grum

Skill      XL: |  1  2  3  4 |
---------------+-------------+-----
Stealth        | 3 4 5 |  5.0
Fighting       | |  2.6
Short Blades   | |  1.7
Throwing       | |  2.0
Dodging        | |  0.8

Action                   |  1- 3 |  4- 6 || total
-------------------------+-------+-------++-------
Melee: Dagger            |    40 |    18 ||    58
Throw: Dart              |     1 |       ||     1
  Use: Scroll            |       |     2 ||     2
       Potion            |       |     5 ||     5
 Stab: Sleeping          |     1 |     1 ||     2
Armor: Robe              |    17 |     6 ||    23
Dodge: Dodged            |    32 |     8 ||    40
       Deflected         |       |     3 ||     3

Table legend:
 A = Non-vault XP
 B = Vault XP
 C = Vault XP percentage of total XP
 D = Non-vault monster count
 E = Vault monster count
 F = Vault count percentage of total count
                 A         B        C        D         E       F
            +---------+---------+-------+---------+---------+-------
      Total |     183 |       0 |   0.0 |      17 |       0 |   0.0
            +---------+---------+-------+---------+---------+-------
        D:1 |      11 |       0 |   0.0 |       6 |       0 |   0.0
        D:2 |       5 |       0 |   0.0 |       4 |       0 |   0.0
        D:3 |       2 |       0 |   0.0 |       1 |       0 |   0.0
        D:4 |     128 |       0 |   0.0 |       5 |       0 |   0.0
        D:9 |      37 |       0 |   0.0 |       1 |       0 |   0.0
            +---------+---------+-------+---------+---------+-------
